 Dungeon Sprint DCSS version 0.17-a0-1636-g3119f2b (webtiles) character file.

2223 Kidiri the Covert (level 9, -18/39 HPs)
             Began as a Spriggan Enchanter on Aug 5, 2015.
             Shot with a bolt by a yaktaur (30 damage)
             ... in the Dungeon (Sprint II: "The Violet Keep of Menkaure").
             The game lasted 00:08:30 (806 turns).

Kidiri the Covert (Spriggan Enchanter)               Turns: 806, Time: 00:08:30

Health: -18/39     AC:  6    Str:  4    XL:     9   Next: 13%
Magic:  5/35       EV: 30    Int: 23    God:
Gold:   442        SH:  0    Dex: 18    Spells: 5 memorised, 19 levels left

rFire  . . .     SeeInvis +     a - +1 dagger
rCold  . . .     Clarity  .     b - +1 robe
rNeg   . . .     SustAt   .     (shield restricted)
rPois  .         Gourm    .     f - +3 hat of Pondering {ponderous, MR+ MP+10 Int+5}
rElec  .         Spirit   .     (no cloak)
rCorr  .         Warding  .     (gloves unavailable)
rMut   .         NoTele   +     (boots unavailable)
MR     ++...                    (no amulet)
Stlth  +++++++...               (no ring)
                                (no ring)

@: lethally poisoned (-18 -> -19), very slightly contaminated, very quick, very
resistant to hostile enchantments, extremely stealthy
A: unfitting armour, see invisible, herbivore 3, speed 3, slow metabolism 2
a: no special abilities


You were in the Dungeon.
You were not hungry.

You visited 1 branch You collected 972 gold pieces.
You spent 530 gold pieces at shops.

Inventory:

Hand weapons
 a - a +1 dagger (weapon)
Armour
 b - a +1 robe (worn)
 f - the +3 hat of Pondering (worn) {ponderous, MR+ MP+10 Int+5}
   (You bought it in a shop in the Dungeon)

   It affects your intelligence (+5).
   It affects your resistance to hostile enchantments.
   It affects your magic capacity (+10).
Magical devices
 e - a wand of magic darts (32)
Potions
 g - a potion of haste
 i - a potion of berserk rage
Books
 c - a book of Maledictions

   Spells                             Type                      Level
   a - Corona                         Hexes                        1
   b - Ensorcelled Hibernation        Hexes/Ice                    2
   c - Confuse                        Hexes                        3
   d - Tukima's Dance                 Hexes                        3
   e - Dazzling Spray                 Conjuration/Hexes            3
Comestibles
 d - a bread ration


   Skills:
 + Level 7.3 Short Blades
 * Level 13.2 Dodging
 * Level 14.7 Stealth
 * Level 11.5 Spellcasting
 + Level 4.4 Conjurations
 + Level 8.8 Hexes
 + Level 5.2 Ice Magic


You had 19 spell levels left.
You knew the following spells:

 Your Spells              Type           Power        Failure   Level  Hunger
a - Corona                Hex            ######.      1%          1    None
b - Ensorcelled Hibernat  Hex/Ice        #####.       1%          2    None
c - Confuse               Hex            ######..     1%          3    None
d - Tukima's Dance        Hex            ######..     1%          3    None
e - Dazzling Spray        Conj/Hex       #####...     1%          3    None


Dungeon Overview and Level Annotations

Branches:
Dungeon (1/1)

Altars:
Cheibriados
Elyvilon
Fedhas
Gozag
Kikubaaqudgha
Nemelex Xobeh
Okawaru
Qazlal
Ru
Sif Muna
Trog
Vehumet
Yredelemnul
Zin
Beogh
Lugonu

Shops:
D }!:[}:%(*![[?(==

Annotations:
D exclusion: oklob plant


Innate Abilities, Weirdness & Mutations

You are tiny and cannot use many weapons and most armour.
You have supernaturally acute eyesight.
You are a herbivore.
You cover ground extremely quickly.
You need consume almost no food.


Message History

Drink which item? (? for menu, Esc to quit)
Okay, then.
You feel sick.
The wasp is engulfed in a cloud of scalding steam.
You close the door.
You feel yourself speed up.
You feel a bit more experienced.
You start resting.
You feel sick.
You feel sick.
A yaktaur opens the door.
A yaktaur is nearby!
Casting: Ensorcelled Hibernation
Confirm with . or Enter, or press ? or * to list all spells.
Aiming: Ensorcelled Hibernation
Press: ? - help, Shift-Dir - straight line, f - yaktaur
Aim: a yaktaur (severely wounded, chance to defeat MR: 52%)
The yaktaur resists with some effort.
The yaktaur wields an arbalest.
The yaktaur shoots a bolt.
The bolt hits you!!
Ouch! That really hurt!
You die...

#≈## §§§§ #####≈≈#+++#+++##
####≈≈≈.........#
...#≈≈%≈≈##+##..#
...#≈≈≈≈###.###.####
...#≈≈≈≈#..#..# ...# .#
∩..#≈≈####.#.####..## .#
.∩.#≈##.###'###.##..# .# #
∩.∩#≈#...##.##..@#..# .# .#
.∩.+≈+##.'.<.'.##'c.### .##h# $
..∩#≈#...##.####.#....###...##▓▓
▓###≈##.###'###.##......ch≈≈≈≈≈≈
####≈≈####...####≈≈.§...§#+#####
F ##≈≈≈#..#).#§≈≈≈§≈≈..≈#......
[# #'#≈##...##≈≈≈≈≈≈≈≈≈≈#....⌠.
##. #.#≈≈##'##≈≈≈≈≈§≈§§≈≈#..._._
#.. ####≈≈≈≈≈≈≈≈≈≈≈≈§§§X≈#.._._.


You could see a yaktaur.

Vanquished Creatures
  A kraken (D)
  A siren (D)
  4 necrophages (D)
  A crocodile (D)
  4 worker ants (D)
  A hell rat (D)
  3 worms (D)
15 creatures vanquished.

Vanquished Creatures (others)
  A wasp (D)
  16 tentacles (D)
  5 tentacle segments (D)
22 creatures vanquished.

Grand Total: 37 creatures vanquished

Notes
Turn   | Place    | Note
--------------------------------------------------------------
     0 | D        | Kidiri the Spriggan Enchanter began the quest for the Orb.
     0 | D        | Reached XP level 1. HP: 9/9 MP: 5/5
     1 | D        | Noticed a siren
     4 | D        | Noticed a necrophage
     4 | D        | Noticed a necrophage
     4 | D        | Noticed a necrophage
     4 | D        | Noticed a necrophage
    11 | D        | Noticed a worker ant
    11 | D        | Noticed a worker ant
    11 | D        | Noticed a worker ant
    11 | D        | Noticed a worker ant
    17 | D        | Reached skill level 5 in Stealth
    24 | D        | Noticed a kraken
    27 | D        | Reached XP level 2. HP: 13/13 MP: 5/7
    31 | D        | Learned a level 2 spell: Ensorcelled Hibernation
    48 | D        | Killed a worker ant
    48 | D        | Reached skill level 5 in Dodging
    48 | D        | Reached skill level 6 in Stealth
    48 | D        | Reached skill level 1 in Ice Magic
    48 | D        | Reached XP level 3. HP: 9/16 MP: 3/10
    50 | D        | Killed a worker ant
    50 | D        | Reached skill level 7 in Stealth
    50 | D        | Reached skill level 5 in Spellcasting
    54 | D        | Killed a worker ant
    54 | D        | Reached XP level 4. HP: 17/21 MP: 8/12
    61 | D        | Learned a level 3 spell: Confuse
    65 | D        | Learned a level 3 spell: Tukima's Dance
    69 | D        | Learned a level 3 spell: Dazzling Spray
    71 | D        | Killed a worker ant
    71 | D        | Reached skill level 8 in Stealth
    71 | D        | Reached skill level 5 in Hexes
   140 | D        | Killed a siren
   140 | D        | Reached skill level 5 in Short Blades
   140 | D        | Reached skill level 9 in Dodging
   140 | D        | Reached skill level 11 in Stealth
   140 | D        | Reached XP level 5. HP: 24/24 MP: 4/16
   140 | D        | Reached XP level 6. HP: 28/28 MP: 4/18
   336 | D        | Killed a necrophage
   336 | D        | Reached skill level 10 in Dodging
   339 | D        | Killed a necrophage
   339 | D        | Reached XP level 7. HP: 20/32 MP: 2/20
   341 | D        | Killed a necrophage
   341 | D        | Reached skill level 12 in Stealth
   344 | D        | Killed a necrophage
   467 | D        | Noticed a lava snake
   468 | D        | Noticed a lava snake
   469 | D        | Noticed a lava snake
   469 | D        | Noticed a lava snake
   470 | D        | Found Itilenag's Jewellery Shop.
   471 | D        | Found Reclunyj's Weapon Boutique.
   471 | D        | Found Yptuom's Jewellery Boutique.
   472 | D        | Found Guowoec's Antique Armour Shop.
   472 | D        | Found Zauppicw's Magic Scroll Shop.
   473 | D        | Found Kaag's Distillery.
   473 | D        | Found Wotimiap's Antique Armour Boutique.
   474 | D        | Noticed a hell rat
   476 | D        | Killed a hell rat
   480 | D        | Found Oraejewk's Antique Weapon Shop.
   481 | D        | Found Taliujea's Assorted Antiques.
   482 | D        | Found Puafrem's Food Shop.
   482 | D        | Found Wibeuch's Book Boutique.
   482 | D        | Noticed a black bear
   485 | D        | Found Poteirusk's Gadget Shop.
   485 | D        | Found Paodgh's Antique Armour Boutique.
   485 | D        | Noticed a kraken
   485 | D        | Noticed a black bear
   485 | D        | Noticed a black bear
   485 | D        | Noticed an oklob plant
   486 | D        | Found Noloul's Distillery.
   486 | D        | Found Xomioso's Gadget Boutique.
   486 | D        | Found Duwkaala's Book Shoppe.
   490 | D        | Noticed a hell hog
   493 | D        | Noticed a hell hog
   500 | D        | Noticed a spiny frog
   504 | D        | Noticed a spiny frog
   521 | D        | Bought the +3 hat of Pondering {ponderous, MR+ MP+10 Int+5} for 530 gold pieces
   584 | D        | Noticed an orange crystal statue
   599 | D        | Noticed a crocodile
   606 | D        | Killed a crocodile
   612 | D        | Killed a kraken
   612 | D        | Reached skill level 13 in Dodging
   612 | D        | Reached skill level 14 in Stealth
   612 | D        | Reached skill level 5 in Ice Magic
   612 | D        | Reached XP level 8. HP: 20/36 MP: 14/24
   612 | D        | Reached XP level 9. HP: 21/39 MP: 14/25
   779 | D        | Found an opulent altar of Gozag.
   780 | D        | Found a corrupted altar of Lugonu.
   780 | D        | Found a snail-covered altar of Cheibriados.
   780 | D        | Found a blossoming altar of Fedhas.
   781 | D        | Found a glowing silver altar of Zin.
   781 | D        | Found a radiant altar of Vehumet.
   781 | D        | Found a basalt altar of Yredelemnul.
   781 | D        | Found an ancient bone altar of Kikubaaqudgha.
   782 | D        | Found a stormy altar of Qazlal.
   782 | D        | Found a bloodstained altar of Trog.
   782 | D        | Found a roughly hewn altar of Beogh.
   782 | D        | Found a sparkling altar of Nemelex Xobeh.
   782 | D        | Found a sacrificial altar of Ru.
   784 | D        | Found a white marble altar of Elyvilon.
   784 | D        | Found an iron altar of Okawaru.
   784 | D        | Found a deep blue altar of Sif Muna.
   784 | D        | Noticed a polar bear
   787 | D        | Noticed a polar bear
   789 | D        | Noticed a wasp
   793 | D        | Noticed a yaktaur
   799 | D        | Noticed a polar bear
   801 | D        | Killed a wasp
   806 | D        | Shot with a bolt by a yaktaur

Vault maps used:
D:        the_violet_keep_of_menkaure

Action                   |  1- 3 |  4- 6 |  7- 9 || total
-------------------------+-------+-------+-------++-------
Melee: Dagger            |     6 |    26 |    18 ||    50
 Cast: Ensorcelled Hiber |     4 |     4 |     6 ||    14
       Confuse           |       |     8 |     7 ||    15
       Corona            |       |     1 |       ||     1
       Dazzling Spray    |       |       |     8 ||     8
  Use: Potion            |     2 |     2 |       ||     4
       Scroll            |       |       |     1 ||     1
 Stab: Sleeping          |     6 |     1 |     2 ||     9
       Confused          |       |     3 |     5 ||     8
       Fleeing           |       |       |     1 ||     1
       Invisible         |       |       |     1 ||     1
